 Dungeon Crawl Stone Soup version 0.26.1 (webtiles) character file.

Game seed: 6131533318337410663

217 teolandon225 the Sneak (level 5, -1/24 HPs)
             Began as a Spriggan Enchanter on Feb 7, 2021.
             Slain by an iguana (5 damage)
             ... on level 4 of the Dungeon.
             The game lasted 00:05:00 (4792 turns).

teolandon225 the Sneak (Spriggan Enchanter)         Turns: 4792, Time: 00:05:00

Health: -1/24      AC:  2    Str:  4    XL:     5   Next: 61%
Magic:  3/10       EV: 20    Int: 18    God:
Gold:   202        SH:  0    Dex: 16    Spells: 3/9 levels left

rFire    . . .     SeeInvis +   j - +2 dagger (venom)
rCold    . . .     Faith    .   (shield restricted)
rNeg     . . .     Spirit   .   b - +0 robe
rPois    .         Reflect  .   (helmet restricted)
rElec    .         Harm     .   (no cloak)
rCorr    .         Rampage  .   (gloves unavailable)
Will     .....                  (boots unavailable)
Stlth    ++++......             (no amulet)
HPRegen  0.08/turn              (no ring)
MPRegen  0.12/turn              (no ring)

@: very quick
A: very small, unfitting armour, see invisible, speed 3
a: no special abilities


You were on level 4 of the Dungeon.
You visited 1 branch of the dungeon, and saw 4 of its levels.

You collected 202 gold pieces.

Inventory:

Hand Weapons
 a - a +1 dagger
 j - a +2 dagger of venom (weapon)
Armour
 b - a +0 robe (worn)
Scrolls
 c - a scroll of teleportation
 m - a scroll of fog {unknown}
Potions
 d - a potion of heal wounds
 f - a potion of flight
 g - a potion of magic
 h - a potion of degeneration {unknown}
 i - a potion of mutation {unknown}
 k - a potion of haste {unknown}
 l - a potion of might {unknown}


   Skills:
 - Level 1.1 Short Blades
 + Level 4.6 Dodging
 * Level 7.2 Stealth
 - Level 2.6 Spellcasting
 * Level 5.5 Hexes


You had 3 spell levels left.
You knew the following spells:

 Your Spells              Type           Power        Failure   Level
q - Ensorcelled Hibernat  Hex/Ice        24%          9%          2
r - Corona                Hex            24%          1%          1
w - Confusing Touch       Hex            22%          5%          3

Your spell library contained the following spells:

 Spells                   Type           Power        Failure   Level
 Tukima's Dance           Hex            22%          5%          3
 Dazzling Flash           Conj/Hex       24%          16%         3


Dungeon Overview and Level Annotations

Branches:
Dungeon (4/15)
 Temple: D:4-7

Altars:


Innate Abilities, Weirdness & Mutations

You are very small and have problems with some larger weapons.
You are too small for most types of armour.
You have supernaturally acute eyesight. (SInv)
You cover ground extremely quickly.


Message History

The hound skeleton closely misses you.
You hit the hound skeleton.
The hound skeleton is moderately damaged.
Casting: Confusing Touch (quite dangerous; 5% risk of failure)
Confirm with . or Enter, or press ? or * to list all spells.
Aiming: Ensorcelled Hibernation (safe; 9% risk of failure)
Press: ? - help, Shift-Dir - straight line, f - iguana
Aim: an iguana (chance to affect: 51%)
The iguana resists with some effort.
You hit the iguana.
The iguana is poisoned.
The iguana is lightly wounded.
The iguana bites you!
* * * LOW HITPOINT WARNING * * *
Casting: Ensorcelled Hibernation (safe; 9% risk of failure)
Confirm with . or Enter, or press ? or * to list all spells.
Aiming: Ensorcelled Hibernation (safe; 9% risk of failure)
Press: ? - help, Shift-Dir - straight line, f/p - iguana
Aim: an iguana (lightly wounded, very poisoned, chance to affect: 51%)
The iguana resists with some effort.
The iguana bites you.
You die...

*,,,,,,,,,,,**,,*,,,,,,*
***********,#...#.*******
*******,,,,,,,,,#.#...,,,,,,*****
,,,,,,,,,,,,,,,,.....,,,,,,,,,,,,
*******,********#.#..,,,*,,,*,***
*****+*** #.#.###,*,***,***
***,,,,,,,* #.#...#,*,,,,,,,,
,,,,,,,,,.#######.#...#,****,,***
**,,,,,,,.......@lZ<..#,,,,*,,,,,
*,,,,,,,.#######.##..####,*,,,,,
*,****,*,*,,,,*#........#,*,,,,,
*,****,*,*,,,,*#####..#.#,*,,,,,
**,,,,,,*,,,,,,,****##.#.#.#,,,,,
,,,,,,,,,**,,,,,,,,* #.#.#.#,,*,*
********,****,,,,,,* #...#.#,,,,,
*,,,,,,*,* *,*,,,,* ##..#l#,,,**
*,,,,,,*,* *,*,,,,* #..#l#,,,**


You could see an iguana (very poisoned) and a hound skeleton (confused).

Vanquished Creatures
  An orc priest (D:3)
  An orc wizard (D:2)
  An iguana (D:4)
  Terence (D:3)
  3 adders (D:2)
  5 dart slugs
  5 leopard geckos
  5 orcs
  3 giant cockroaches (D:1)
  7 hobgoblins
  4 jackals
  2 quokkas (D:2)
  2 bats
  A frilled lizard (D:3)
  7 goblins
  8 kobolds
  2 rats (D:1)
58 creatures vanquished.

Notes
Turn   | Place    | Note
-------+----------+-------------------------------------------
     0 | D:1      | teolandon225 the Spriggan Enchanter began the quest for the
                  | Orb.
     0 | D:1      | Reached XP level 1. HP: 9/9 MP: 5/5
    92 | D:1      | Reached XP level 2. HP: 13/13 MP: 6/6
    95 | D:1      | Learned a level 2 spell: Ensorcelled Hibernation
   340 | D:1      | Reached skill level 5 in Stealth
   964 | D:1      | Reached XP level 3. HP: 16/16 MP: 8/8
   973 | D:1      | Learned a level 3 spell: Confusing Touch
  2393 | D:2      | Reached XP level 4. HP: 21/21 MP: 9/9
  2476 | D:2      | Reached skill level 6 in Stealth
  2749 | D:3      | Noticed Terence
  2751 | D:3      | Killed Terence
  2790 | D:2      | Reached skill level 5 in Hexes
  3381 | D:2      | Reached XP level 5. HP: 24/24 MP: 3/10
  4184 | D:3      | HP: 1/24 [orc priest/divine providence (13)]
  4605 | D:3      | Reached skill level 7 in Stealth
  4792 | D:4      | Slain by an iguana

Illustrated notes

Levels and vault maps discovered:
D:1:      matt_arrival_spirals, layout_loops_ring, kennysheep_boxes
D:2:      layout_loops_cross
D:3:      layout_rooms, uniq_terence
D:4:      layout_basic, elyvilon_altar_5, minmay_rat_hole, uniq_menkaure

Skill      XL: |  1  2  3  4  5 |
---------------+----------------+-----
Hexes          | 4 5 |  5.5
Stealth        | 5 6 7 |  7.2
Dodging        | 4 |  4.6
Short Blades   | |  1.1
Spellcasting   | |  2.6

Action                   |  1- 3 |  4- 6 || total
-------------------------+-------+-------++-------
Melee: Dagger            |    64 |    37 ||   101
 Cast: Ensorcelled Hiber |    37 |    22 ||    59
       Confusing Touch   |       |     1 ||     1
  Use: Scroll            |       |     6 ||     6
 Stab: Sleeping          |    38 |    12 ||    50
Armor: Robe              |     3 |     3 ||     6
Dodge: Dodged            |    35 |    29 ||    64
